[Event "Titled Tuesday Blitz August 08 Early 2023"]
[White "Warchol, Kamil"]
[Black "UgarteCesar"]
[WhiteFideId "21858241"]
[WhiteElo "2435"]
[BlackElo "2296"]
[Result "1-0"]
[Round "5"]
[TimeControl "180+1"]
[Date "2023.08.08"]
[WhiteClock "0:00:20"]
[BlackClock "0:00:30"]
[Board "190"]

1. e4 c5 2. Nf3 Nc6 3. Bb5 g6 4. O-O Bg7 5. c3 e6 6. Bxc6 dxc6 7. d3 Ne7 8. Na3 O-O 9. Nc4 b6 10. a4 Ba6 11. Bf4 Bxc4 12. dxc4 Qxd1 13. Raxd1 Rad8 14. Bc7 Rc8 15. Rd7 Rfe8 16. Bd6 Bf8 17. Rxa7 Ra8 18. Rxa8 Rxa8 19. b3 Nc8 20. Bxf8 Kxf8 21. Rd1 Ke7 22. e5 b5 23. cxb5 cxb5 24. axb5 Ra3 25. Nd2 Nb6 26. c4 Nd7 27. f4 g5 28. g3 gxf4 29. gxf4 f6 30. exf6+ Nxf6 31. Kf2 Ra2 32. Kf3 Rb2 33. h3 Nd7 34. Ke3 e5 35. Kd3 exf4 36. Kc3 Ra2 37. Rf1 Kd6 38. Rxf4 Kc7 39. Rf7 h6 40. Ne4 Kd8 41. Rh7 Re2 42. Kd3 Rb2 43. Kc3 Re2 44. Nd6 Re3+ 45. Kb2 Rxh3 46. Rxh6 Rd3 47. Rh8+ Ke7 48. Ne4 Ne5 49. Nxc5 Re3 50. Rh7+ Kd6 51. Nb7+ Ke6 52. c5 Re2+ 53. Kc3 Re3+ 54. Kb4 Nd3+ 55. Ka5 Ne5 56. c6 Rxb3 57. Nc5+ 1-0


[Site "https://www.chess.com"]

[Event "Titled Tuesday Blitz August 08 Early 2023"]
[White "Bach Ngoc Thuy Duong"]
[Black "Fajdetic, Hrvoje"]
[WhiteFideId "12408956"]
[BlackFideId "14501945"]
[WhiteElo "2430"]
[BlackElo "2295"]
[Result "1-0"]
[Round "5"]
[TimeControl "180+1"]
[Date "2023.08.08"]
[WhiteClock "0:00:07"]
[BlackClock "0:00:00"]
[Board "191"]

1. d4 d5 2. c4 e6 3. Nc3 f5 4. e3 c6 5. f3 Nf6 6. Bd3 Bb4 7. Ne2 O-O 8. O-O b6 9. a3 Bd6 10. Qc2 Ba6 11. b3 c5 12. Bd2 Nc6 13. dxc5 Bxc5 14. Nf4 dxc4 15. bxc4 Qe7 16. Nb5 Rac8 17. Kh1 Ne5 18. Bc3 Nxd3 19. Qxd3 Rfd8 20. Qe2 Bxb5 21. cxb5 Bd6 22. Bb4 Bxb4 23. axb4 e5 24. Nd3 Rc7 25. Rfc1 Rcd7 26. Ra3 e4 27. Nf2 Qxb4 28. Rac3 exf3 29. Qxf3 1-0


[Site "https://www.chess.com"]

[Event "Titled Tuesday Blitz August 08 Early 2023"]
[White "Goswami, Vedant"]
[Black "Harriott, Tyrell"]
[WhiteFideId "5003725"]
[BlackFideId "2086484"]
[WhiteElo "2295"]
[BlackElo "2425"]
[Result "1/2-1/2"]
[Round "5"]
[TimeControl "180+1"]
[Date "2023.08.08"]
[WhiteClock "0:00:07"]
[BlackClock "0:00:03"]
[Board "192"]

1. e4 d5 2. exd5 Nf6 3. d4 Qxd5 4. c4 Qe4+ 5. Ne2 e5 6. dxe5 Qxe5 7. Nc3 Bb4 8. Qd4 Nc6 9. Qxe5+ Nxe5 10. Ng3 Be6 11. Bd2 Nxc4 12. O-O-O O-O-O 13. Bxc4 Bxc4 14. Nf5 Bd3 15. Nxg7 Rhg8 16. Bg5 Be7 17. Bxf6 Bxf6 18. Nh5 Bxc3 19. bxc3 Rxg2 20. Nf4 Rxf2 21. Nxd3 Rxa2 22. Nb4 Rxd1+ 23. Rxd1 Rxh2 24. Rf1 a5 25. Nd5 c6 26. Nb6+ Kc7 27. Nc4 a4 28. Rxf7+ Kb8 29. Nd6 b5 30. c4 a3 31. Kb1 Rb2+ 32. Ka1 b4 33. Rb7+ Ka8 34. Rxh7 b3 35. Rb7 Rd2 36. Rxb3 Rxd6 37. Rxa3+ Kb7 38. Kb2 Kb6 39. Rh3 Kc5 40. Kc3 Rf6 41. Rh5+ Kd6 42. Kd4 Rf4+ 43. Kd3 Rg4 44. Kc3 Kc7 45. Kb3 Kb6 46. Kc3 Rg3+ 47. Kd4 c5+ 48. Ke4 Rg4+ 49. Kd3 Rg3+ 50. Kc2 Rf3 51. Rg5 Re3 52. Kb2 Rd3 53. Kc2 Ra3 54. Kb2 Ra4 55. Kb3 Rb4+ 56. Kc3 Rb1 57. Rg6+ Ka5 58. Rc6 Rc1+ 59. Kb3 Rb1+ 60. Kc2 Rb7 61. Rxc5+ Kb4 62. Rb5+ Rxb5 63. cxb5 Kxb5 1/2-1/2


[Site "https://www.chess.com"]

[Event "Titled Tuesday Blitz August 08 Early 2023"]
[White "Kazakov, Mikhail"]
[Black "Fernandez Siles, Luis"]
[WhiteFideId "14102749"]
[BlackFideId "2209420"]
[WhiteElo "2422"]
[BlackElo "2292"]
[Result "0-1"]
[Round "5"]
[TimeControl "180+1"]
[Date "2023.08.08"]
[WhiteClock "0:00:00"]
[BlackClock "0:00:09"]
[Board "193"]

1. d4 Nf6 2. c4 g6 3. d5 Bg7 4. Nc3 O-O 5. g3 c6 6. Bg2 cxd5 7. cxd5 d6 8. Nf3 Bf5 9. Nd4 Bg4 10. h3 Bd7 11. O-O Na6 12. Be3 Rc8 13. Rc1 Nb4 14. a3 Rxc3 15. axb4 Rxc1 16. Qxc1 Qc8 17. Qd2 Bxh3 18. Rc1 Qd7 19. Bh1 Rc8 20. Rxc8+ Qxc8 21. Qc3 a6 22. Qxc8+ Bxc8 23. Nb3 Nd7 24. Bd4 Bxd4 25. Nxd4 h5 26. f4 Kg7 27. Kf2 Kf6 28. e4 e5 29. dxe6 fxe6 30. Ke3 e5 31. Ne2 b6 32. Nc3 Bb7 33. Bf3 Nf8 34. Be2 Ne6 35. Bc4 Nd4 36. Bd5 Bc8 37. Bc4 Nc2+ 38. Kd2 Nxb4 39. Be2 exf4 40. gxf4 h4 41. Ke3 h3 42. Kf2 g5 43. f5 d5 44. Nxd5+ Nxd5 45. exd5 Bxf5 46. Bxa6 Ke5 47. Bb7 Kf4 48. d6 g4 49. Bc6 g3+ 50. Kg1 g2 0-1


[Site "https://www.chess.com"]

[Event "Titled Tuesday Blitz August 08 Early 2023"]
[White "Afanasieva, Alexandra"]
[Black "Rangel, Daniel"]
[WhiteFideId "34126926"]
[BlackFideId "2124475"]
[WhiteElo "2292"]
[BlackElo "2415"]
[Result "1-0"]
[Round "5"]
[TimeControl "180+1"]
[Date "2023.08.08"]
[WhiteClock "0:01:23"]
[BlackClock "0:00:15"]
[Board "194"]

1. e4 c5 2. Nf3 d6 3. d4 cxd4 4. Nxd4 Nf6 5. Nc3 a6 6. Bg5 e6 7. f4 Be7 8. Qf3 Nbd7 9. O-O-O Qc7 10. Bd3 b5 11. Rhe1 Bb7 12. Qg3 b4 13. Nd5 exd5 14. exd5 Kd8 15. Nc6+ Bxc6 16. dxc6 Qxc6 17. Bxf6 Nxf6 18. Qxg7 Rf8 19. Rxe7 Kxe7 20. Re1+ Kd7 21. Qxf6 Rae8 22. Bf5+ Kc7 23. Re7+ Kb8 24. Bd7 Qc4 25. Qxd6+ Qc7 26. Rxe8+ Rxe8 27. Qxc7+ Kxc7 28. Bxe8 f6 29. Kd2 Kd6 30. Bh5 a5 31. b3 Kc5 32. Kd3 1-0


[Site "https://www.chess.com"]

[Event "Titled Tuesday Blitz August 08 Early 2023"]
[White "Konenkin, Dmitry"]
[Black "Bogaudinov, Rushan"]
[WhiteFideId "4185781"]
[BlackFideId "4129288"]
[WhiteElo "2290"]
[BlackElo "2413"]
[Result "0-1"]
[Round "5"]
[TimeControl "180+1"]
[Date "2023.08.08"]
[WhiteClock "0:00:00"]
[BlackClock "0:00:21"]
[Board "195"]

1. d4 d5 2. Bg5 c6 3. e3 Bf5 4. Nf3 Nd7 5. c4 Bxb1 6. Rxb1 Qa5+ 7. b4 Qxa2 8. c5 Ngf6 9. Bd3 Ne4 10. Bxe4 dxe4 11. Nd2 Qd5 12. Bf4 e5 13. dxe5 Nxe5 14. O-O Nd3 15. f3 Nxf4 16. fxe4 Nh3+ 17. gxh3 Qg5+ 18. Kh1 Be7 19. Qf3 O-O 20. Rg1 Qh6 21. Rbf1 a5 22. bxa5 Rxa5 23. Nb3 Rb5 24. Nd4 Rxc5 25. Nf5 Rxf5 26. exf5 Bc5 27. f6 g6 28. Rg3 Re8 29. e4 Qd2 30. Rd1 Qc2 31. Rg2 Qc4 32. Re2 b5 33. e5 Bf8 34. Re4 Qe6 35. Qe3 h5 36. Qg5 Qxh3 37. Re3 Qg4 38. Qxg4 hxg4 39. Rg1 Bc5 40. Re4 Bxg1 41. Kxg1 c5 42. Kf2 b4 43. Ke3 b3 44. Kd3 Rb8 45. e6 fxe6 46. Rxe6 b2 47. f7+ Kxf7 0-1


[Site "https://www.chess.com"]

[Event "Titled Tuesday Blitz August 08 Early 2023"]
[White "Psychonerd5"]
[Black "GAO"]
[WhiteElo "2412"]
[BlackElo "2280"]
[Result "1-0"]
[Round "5"]
[TimeControl "180+1"]
[Date "2023.08.08"]
[WhiteClock "0:01:41"]
[BlackClock "0:01:45"]
[Board "196"]

1. c4 g6 2. g3 Nf6 3. Bg2 Bg7 4. Nc3 O-O 5. e4 d6 6. Nge2 e5 7. O-O Nc6 8. d3 Bg4 9. h3 Bd7 10. Be3 Qc8 11. Kh2 h5 12. d4 h4 13. g4 exd4 14. Nxd4 Be6 15. Nd5 Bxd5 16. cxd5 Nxd4 17. Bxd4 Nd7 18. Rc1 a5 19. f4 Qd8 20. Re1 Re8 21. Bxg7 Kxg7 22. Qd4+ Qf6 23. Qxf6+ Kxf6 24. Rxc7 Nc5 25. e5+ dxe5 26. fxe5+ Rxe5 27. Rxe5 Kxe5 28. Rxc5 Kd6 29. Rb5 Re8 30. Rxb7 Re2 31. a4 Rxb2 32. Rxb2 1-0


[Site "https://www.chess.com"]

[Event "Titled Tuesday Blitz August 08 Early 2023"]
[White "Cheer_Down"]
[Black "Ruge, Edison"]
[BlackFideId "4401000"]
[WhiteElo "2411"]
[BlackElo "2265"]
[Result "1-0"]
[Round "5"]
[TimeControl "180+1"]
[Date "2023.08.08"]
[WhiteClock "0:00:33"]
[BlackClock "0:00:37"]
[Board "197"]

1. e4 e5 2. Nf3 Nc6 3. Bc4 Be7 4. d4 d6 5. c3 Nf6 6. Nbd2 O-O 7. h3 exd4 8. cxd4 Nxe4 9. Nxe4 d5 10. Bd3 dxe4 11. Bxe4 Bb4+ 12. Kf1 h6 13. Be3 Re8 14. Qc2 Qf6 15. g4 Bd7 16. Kg2 Qe7 17. Bh7+ Kf8 18. Bd3 Bd6 19. a3 Nd8 20. d5 c6 21. Bc4 cxd5 22. Qh7 Qf6 23. Rhe1 Be6 24. Bxd5 Bxd5 25. Qh8+ Ke7 26. Bg5+ Kd7 27. Qxe8+ Kc7 28. Bxf6 gxf6 29. Rac1+ Nc6 30. Qxa8 1-0


[Site "https://www.chess.com"]

[Event "Titled Tuesday Blitz August 08 Early 2023"]
[White "Tqebuchava, Zurab"]
[Black "Khromkin, Andrey"]
[WhiteFideId "13601113"]
[BlackFideId "4154126"]
[WhiteElo "2261"]
[BlackElo "2409"]
[Result "0-1"]
[Round "5"]
[TimeControl "180+1"]
[Date "2023.08.08"]
[WhiteClock "0:00:02"]
[BlackClock "0:00:16"]
[Board "198"]

1. e4 c5 2. Nf3 Nc6 3. Bb5 g6 4. O-O Bg7 5. Re1 Nf6 6. e5 Nd5 7. Nc3 Nc7 8. Bf1 O-O 9. Ne4 b6 10. Ng3 d5 11. h4 Bg4 12. d4 cxd4 13. Bf4 Ne6 14. Qd2 Bxf3 15. gxf3 Nxf4 16. Qxf4 Qc7 17. h5 Bxe5 18. Qg4 Qc8 19. hxg6 hxg6 20. Qg5 Bf6 21. Qxd5 Kg7 22. Bc4 Nb4 23. Qb5 Nxc2 24. Rac1 Nxe1 25. Rxe1 Qc5 26. Qb3 Rac8 27. Bd3 Qg5 28. Kg2 Rh8 29. Rh1 Rxh1 30. Kxh1 Be5 31. Kg2 f5 32. Qe6 f4 33. Qxc8 fxg3 34. fxg3 Qxg3+ 35. Kf1 Qxf3+ 36. Ke1 Qxd3 37. Qe6 Qe3+ 38. Kd1 Qd3+ 39. Ke1 Bg3# 0-1


[Site "https://www.chess.com"]

[Event "Titled Tuesday Blitz August 08 Early 2023"]
[White "Kula, Robert"]
[Black "Escudero Donoso, Felipe"]
[WhiteFideId "1101218"]
[BlackFideId "3410595"]
[WhiteElo "2239"]
[BlackElo "2408"]
[Result "0-1"]
[Round "5"]
[TimeControl "180+1"]
[Date "2023.08.08"]
[WhiteClock "0:00:00"]
[BlackClock "0:00:33"]
[Board "199"]

1. d4 d5 2. c4 e6 3. Nc3 a6 4. e3 Nf6 5. Nf3 dxc4 6. Bxc4 b5 7. Bd3 Bb7 8. O-O Nbd7 9. b3 c5 10. Bb2 Be7 11. Rc1 O-O 12. dxc5 Nxc5 13. Bb1 Qb6 14. Qe2 Rac8 15. h3 Rfd8 16. Nd4 b4 17. Na4 Nxa4 18. bxa4 g6 19. Nb3 a5 20. Qb5 Qxb5 21. axb5 a4 22. Na5 Bd5 23. Nc6 Bxc6 24. Rxc6 Rxc6 25. bxc6 Nd5 26. Rc1 Rc8 27. Bd3 Bd6 28. Ba6 Rc7 29. Bb7 f6 30. Bd4 e5 31. Ba7 Nc3 32. Ra1 b3 33. axb3 axb3 34. Bb6 b2 35. Re1 b1=Q 36. Rxb1 Nxb1 37. Kf1 Nd2+ 38. Ke2 Nc4 39. Bxc7 Bxc7 40. Kd3 Nd6 41. Ba6 Kf8 42. f4 exf4 43. exf4 f5 44. g4 Ke7 45. Ke3 Kf6 46. Bd3 Nc8 47. g5+ Kg7 48. h4 Ne7 49. Bb5 Nd5+ 50. Kf3 Nxf4 51. Bc4 h6 52. Ke3 hxg5 53. hxg5 Nh3 54. Kd4 Nxg5 55. Kd5 Kf6 56. Be2 Nf7 57. Bf3 Nd6 58. Be2 g5 59. Bd3 g4 60. Be2 Ne4 0-1


[Site "https://www.chess.com"]

[Event "Titled Tuesday Blitz August 08 Early 2023"]
[White "Avazkhonov, Alikhon"]
[Black "Sarkar, Justin"]
[WhiteFideId "14208504"]
[BlackFideId "2010011"]
[WhiteElo "2406"]
[BlackElo "2234"]
[Result "0-1"]
[Round "5"]
[TimeControl "180+1"]
[Date "2023.08.08"]
[WhiteClock "0:01:51"]
[BlackClock "0:00:02"]
[Board "200"]

1. d4 Nf6 2. Nc3 d5 3. Bf4 Nc6 4. e3 Bg4 5. f3 Bh5 6. g4 Bg6 7. h4 h5 8. g5 Ng8 9. Nb5 Rc8 10. Bd3 Bxd3 11. cxd3 a6 12. Nc3 e6 13. Nge2 Bd6 14. Kf2 Nge7 15. Bxd6 cxd6 16. e4 Qb6 17. exd5 Nxd4 18. dxe6 fxe6 19. Qa4+ Ndc6+ 20. Kg2 Nf5 21. Qe4 Kd7 22. Rhe1 Rhf8 23. Nf4 Ncd4 24. Nxe6 Rfe8 25. Qd5 Rxe6 26. Rxe6 Nxh4+ 27. Kh3 Nxe6 28. Kxh4 Qf2+ 29. Kh3 Nf4# 0-1


[Site "https://www.chess.com"]

[Event "Titled Tuesday Blitz August 08 Early 2023"]
[White "Bueno, Alfeu Junior Varela"]
[Black "Zaichenko, Daria"]
[WhiteFideId "2108879"]
[BlackFideId "4197453"]
[WhiteElo "2403"]
[BlackElo "2232"]
[Result "1-0"]
[Round "5"]
[TimeControl "180+1"]
[Date "2023.08.08"]
[WhiteClock "0:01:10"]
[BlackClock "0:00:14"]
[Board "201"]

1. e4 c5 2. Nc3 Nc6 3. f4 g6 4. Nf3 Bg7 5. Bb5 Nd4 6. O-O a6 7. Bc4 e6 8. d3 b5 9. Bb3 Ne7 10. Nxd4 Bxd4+ 11. Kh1 Bb7 12. Ne2 Bg7 13. c3 Qc7 14. Be3 d5 15. Ng3 Qc6 16. Qe2 O-O-O 17. a4 f5 18. axb5 axb5 19. e5 c4 20. Bc2 g5 21. Nh5 Rhg8 22. Nxg7 Rxg7 23. fxg5 Ng6 24. d4 f4 25. Bxf4 Nxf4 26. Rxf4 Rxg5 27. Rf7 Rdg8 28. Ra7 Rxg2 29. Qxg2 Rxg2 30. Kxg2 Qe8 31. Raxb7 Qg8+ 32. Rg7 Qf8 33. Rbf7 Qd8 34. Bxh7 b4 35. Rg8 1-0


[Site "https://www.chess.com"]

[Event "Titled Tuesday Blitz August 08 Early 2023"]
[White "Vedder, Richard"]
[Black "campochess"]
[WhiteFideId "1004166"]
[WhiteElo "2403"]
[BlackElo "2226"]
[Result "1-0"]
[Round "5"]
[TimeControl "180+1"]
[Date "2023.08.08"]
[WhiteClock "0:00:15"]
[BlackClock "0:00:00"]
[Board "202"]

1. d4 c5 2. d5 Nf6 3. Nc3 g6 4. e4 d6 5. Nf3 a6 6. a4 Bg7 7. Be2 O-O 8. O-O e5 9. dxe6 fxe6 10. Bg5 Nc6 11. Qd2 Qc7 12. Rfd1 Ne8 13. Bc4 Nd4 14. Be2 Nxe2+ 15. Qxe2 Bd7 16. Nd2 h6 17. Bh4 Nf6 18. Bg3 e5 19. Nc4 Ne8 20. Nd5 Qd8 21. Rd2 Kh8 22. b3 Rb8 23. a5 Bb5 24. Rad1 Bxc4 25. Qxc4 Qxa5 26. Ne7 Rf6 27. Bh4 g5 28. Bg3 b5 29. Qe2 Qd8 30. Nf5 Bf8 31. Bxe5 Kh7 32. Bxf6 Qxf6 33. Ne3 Rb7 34. Nd5 Qe5 35. Qg4 Rf7 36. f3 Ng7 37. Ne3 h5 38. Qh3 Qf4 39. Nf5 Nxf5 40. exf5 Kh6 41. g4 h4 42. Qg2 Re7 43. Re2 c4 44. Rde1 Re5 45. Qf2 Bg7 46. Kg2 cxb3 47. cxb3 Qb4 48. Rxe5 Bxe5 49. Rd1 Qf4 50. Kg1 h3 51. Rd2 a5 52. Qf1 Bd4+ 53. Kh1 Qxd2 54. Qxh3+ Kg7 55. f6+ Bxf6 56. Qf1 Qe3 57. Kg2 Bd4 58. Qxb5 Qd2+ 59. Kg3 Qf4+ 60. Kg2 Be5 61. Qd7+ Kh6 62. Qe6+ Kg7 63. Qd7+ Kg8 64. Qe6+ Qf7 65. Qc8+ Kg7 66. Qc2 Qd5 67. Qc7+ Kf6 68. Qd8+ Kg7 69. Qd7+ Qf7 70. Qc6 Qxb3 71. Qc7+ Qf7 72. Qxa5 Qc7 73. Qxc7+ Kf6 74. Qd8+ Ke6 75. Qe8+ Kd5 76. Qg8+ Kd4 77. Qxg5 1-0


[Site "https://www.chess.com"]

[Event "Titled Tuesday Blitz August 08 Early 2023"]
[White "Mishra, Manoj"]
[Black "Rakhimgaliyev, Yerlan"]
[WhiteFideId "5006007"]
[BlackFideId "13705148"]
[WhiteElo "2217"]
[BlackElo "2396"]
[Result "1/2-1/2"]
[Round "5"]
[TimeControl "180+1"]
[Date "2023.08.08"]
[WhiteClock "0:00:11"]
[BlackClock "0:00:15"]
[Board "203"]

1. d4 Nf6 2. c4 g6 3. g3 Bg7 4. Bg2 O-O 5. b3 c6 6. e4 d5 7. e5 Ne8 8. cxd5 cxd5 9. Nc3 Nc7 10. Nge2 Nc6 11. O-O b5 12. a3 a5 13. Bb2 Ba6 14. Qc2 Qd7 15. Rfc1 Rfc8 16. Qd2 Rab8 17. h4 h5 18. Nf4 Bh6 19. Nce2 b4 20. axb4 Nxb4 21. Rxa5 Ne6 22. Qe1 Bxe2 23. Rxc8+ Qxc8 24. Nxe6 Bg4 25. Nc5 Qf5 26. Bc1 Bxc1 27. Qxc1 Nd3 28. Nxd3 Qxd3 29. Rxd5 Rxb3 30. Kh2 Kg7 31. e6 Bxe6 32. Ra5 Qe2 33. Qf4 Rb2 34. d5 Bf5 35. d6 exd6 36. Qxd6 Qxf2 37. Qe5+ Kh7 38. Qd5 Rd2 39. Qxf7+ Kh6 40. Qf8+ Kh7 41. Qf7+ Kh6 42. Qf8+ Kh7 43. Qf7+ 1/2-1/2


[Site "https://www.chess.com"]

[Event "Titled Tuesday Blitz August 08 Early 2023"]
[White "Herman, Daniel"]
[Black "Hrescak, Ivana"]
[WhiteFideId "30935008"]
[BlackFideId "14613441"]
[WhiteElo "2395"]
[BlackElo "2212"]
[Result "1-0"]
[Round "5"]
[TimeControl "180+1"]
[Date "2023.08.08"]
[WhiteClock "0:00:09"]
[BlackClock "0:00:16"]
[Board "204"]

1. e4 e5 2. Nf3 Nc6 3. Bb5 a6 4. Ba4 Bc5 5. O-O Nge7 6. c3 O-O 7. d4 Ba7 8. d5 Nb8 9. Nxe5 d6 10. Nf3 Bg4 11. h3 Bh5 12. Nbd2 f5 13. exf5 Nxf5 14. g4 Ng3 15. gxh5 Nxf1 16. Nxf1 Qf6 17. Kg2 b5 18. Bc2 Nd7 19. Be3 Bxe3 20. fxe3 Rae8 21. e4 Ne5 22. N1h2 Nc4 23. Qe2 Nxb2 24. Rf1 Qxc3 25. Ng5 Nc4 26. Rxf8+ Rxf8 27. Ng4 Rf4 28. Bd3 Ne5 29. Nxe5 Qxe5 30. Ne6 Rf7 31. Qg4 Qb2+ 32. Be2 Qxa2 33. Ng5 Rf8 34. Qe6+ Kh8 35. Nf7+ Kg8 36. Nh6+ Kh8 37. Qg8+ Rxg8 38. Nf7# 1-0


[Site "https://www.chess.com"]

[Event "Titled Tuesday Blitz August 08 Early 2023"]
[White "Dishman, Stephen"]
[Black "Luxama, Jacques Muller"]
[WhiteFideId "403024"]
[BlackFideId "11900113"]
[WhiteElo "2395"]
[BlackElo "2207"]
[Result "1-0"]
[Round "5"]
[TimeControl "180+1"]
[Date "2023.08.08"]
[WhiteClock "0:00:15"]
[BlackClock "0:00:00"]
[Board "205"]

1. c4 e6 2. Nf3 d5 3. d4 dxc4 4. g3 c5 5. Bg2 Nc6 6. O-O cxd4 7. Qa4 Bd7 8. Qxc4 e5 9. e3 Rc8 10. Qb3 dxe3 11. Bxe3 Nf6 12. Ng5 Qe7 13. Rd1 Be6 14. Nxe6 Qxe6 15. Qxb7 Nd8 16. Qb5+ Nd7 17. Nc3 Bc5 18. Bxc5 Rxc5 19. Qa4 Nc6 20. Ne4 Ra5 21. Nd6+ Qxd6 22. Qxc6 Qe7 23. Qc8+ Qd8 24. Qxd8+ Kxd8 25. Bh3 Ke7 26. Rxd7+ Kf6 27. a3 Rb8 28. b4 Rxb4 29. Rc1 Rb2 30. Rc6+ Kg5 31. Rxf7 g6 32. Re7 Rd5 33. Rxh7 Rdd2 34. Rf7 Ra2 35. Bc8 Rxa3 36. h4+ Kh6 37. Bg4 Raa2 38. Rcc7 1-0


[Site "https://www.chess.com"]

[Event "Titled Tuesday Blitz August 08 Early 2023"]
[White "Lisjak, Zlatko"]
[Black "Chudnovsky, Jacob"]
[WhiteFideId "14502186"]
[BlackFideId "2010046"]
[WhiteElo "2182"]
[BlackElo "2392"]
[Result "1/2-1/2"]
[Round "5"]
[TimeControl "180+1"]
[Date "2023.08.08"]
[WhiteClock "0:00:11"]
[BlackClock "0:00:42"]
[Board "206"]

1. d4 Nf6 2. Nc3 d5 3. Bf4 c6 4. e3 g6 5. h4 Bg7 6. h5 Nxh5 7. Rxh5 gxh5 8. Qxh5 Nd7 9. Nf3 Nf6 10. Qh4 Bf5 11. O-O-O Qb6 12. Ne5 Bg6 13. f3 O-O-O 14. g4 e6 15. Bg5 h5 16. Bxf6 hxg4 17. Bxd8 Rxh4 18. Bxb6 Bxe5 19. Bxa7 Bg7 20. fxg4 Rxg4 21. Bd3 Bh6 22. Re1 Bxd3 23. cxd3 Kc7 24. Bc5 b6 25. Be7 Rxd4 26. Kc2 Rg4 27. Re2 Kd7 28. Bf6 Rg6 29. Be5 f6 30. Bf4 Bg7 31. d4 e5 32. Bh2 Rg4 33. dxe5 fxe5 34. e4 d4 35. Nd1 Ke6 36. Kd3 b5 37. b4 Bf8 38. a3 c5 39. bxc5 Bxc5 40. Rb2 Rh4 41. Rxb5 Bd6 42. Bg1 Bxa3 43. Rb6+ Bd6 44. Bf2 Rh3+ 45. Kd2 Kd7 46. Nb2 Rf3 47. Nd3 Kc7 48. Rb1 Be7 49. Rd1 Bg5+ 50. Kc2 Kd6 51. Kb3 Be3 52. Bxe3 Rxe3 53. Kc4 Rxe4 54. Re1 Rxe1 55. Nxe1 Ke6 56. Nc2 Kf5 57. Nxd4+ exd4 58. Kxd4 1/2-1/2


[Site "https://www.chess.com"]

[Event "Titled Tuesday Blitz August 08 Early 2023"]
[White "Davidson, Kevin"]
[Black "Novita, Anjas"]
[WhiteFideId "2056810"]
[BlackFideId "7100949"]
[WhiteElo "2390"]
[BlackElo "2182"]
[Result "1-0"]
[Round "5"]
[TimeControl "180+1"]
[Date "2023.08.08"]
[WhiteClock "0:00:53"]
[BlackClock "0:00:00"]
[Board "207"]

1. e4 c5 2. Nf3 d6 3. d4 cxd4 4. Nxd4 Nf6 5. Nc3 a6 6. h3 g6 7. g4 Bg7 8. Bg2 O-O 9. Be3 Nfd7 10. O-O Ne5 11. b3 Nbc6 12. Nde2 Nd7 13. Qd2 Re8 14. Rad1 b6 15. Nd5 Bb7 16. c4 b5 17. Rc1 bxc4 18. Rxc4 Rc8 19. Rfc1 Nce5 20. Rxc8 Bxc8 21. f4 e6 22. Nc7 Rf8 23. Qxd6 Qh4 24. fxe5 Bxe5 25. Qd2 a5 26. Bg5 1-0


[Site "https://www.chess.com"]

[Event "Titled Tuesday Blitz August 08 Early 2023"]
[White "Araujo Filho, Luiz Antonio Coel"]
[Black "Luong Phuong Hanh"]
[WhiteFideId "2130661"]
[BlackFideId "12401013"]
[WhiteElo "2178"]
[BlackElo "2383"]
[Result "1-0"]
[Round "5"]
[TimeControl "180+1"]
[Date "2023.08.08"]
[WhiteClock "0:01:25"]
[BlackClock "0:01:05"]
[Board "208"]

1. d4 Nf6 2. Nf3 g6 3. c4 Bg7 4. Nc3 d5 5. cxd5 Nxd5 6. e4 Nxc3 7. bxc3 c5 8. Be2 O-O 9. O-O Bg4 10. Be3 Qc7 11. Rb1 Rd8 12. h3 Bxf3 13. Bxf3 Nc6 14. d5 Bxc3 15. Qc2 Ne5 16. Qxc3 Nxf3+ 17. gxf3 b6 18. Rbd1 Qd7 19. Kg2 Rac8 20. Qe5 Qe8 21. Bh6 f6 22. Qe6+ Kh8 23. d6 Rc6 24. Qxe7 Qxe7 25. dxe7 Re8 26. Rd8 1-0


[Site "https://www.chess.com"]

[Event "Titled Tuesday Blitz August 08 Early 2023"]
[White "Ventura Bolet, Maxim"]
[Black "cycygogne"]
[WhiteFideId "22238824"]
[WhiteElo "2378"]
[BlackElo "2174"]
[Result "1-0"]
[Round "5"]
[TimeControl "180+1"]
[Date "2023.08.08"]
[WhiteClock "0:01:26"]
[BlackClock "0:01:47"]
[Board "209"]

1. e4 e5 2. Bc4 Nc6 3. Nc3 Bc5 4. Qg4 g6 5. Qg3 Nd4 6. Bb3 Nf6 7. Qxe5+ Qe7 8. Qxe7+ Kxe7 9. d3 Re8 10. Bg5 c6 11. e5 Kf8 12. Bxf6 d6 13. Ne4 Nxb3 14. axb3 Bd4 15. Nxd6 Re6 16. Nxc8 Rxc8 17. Nf3 Bxb2 18. Rxa7 Rce8 19. O-O 1-0


[Site "https://www.chess.com"]

[Event "Titled Tuesday Blitz August 08 Early 2023"]
[White "Vifleemskaia, Svetlana"]
[Black "Grigoryan, Meri"]
[WhiteFideId "4129490"]
[BlackFideId "13300571"]
[WhiteElo "2376"]
[BlackElo "2172"]
[Result "1-0"]
[Round "5"]
[TimeControl "180+1"]
[Date "2023.08.08"]
[WhiteClock "0:00:02"]
[BlackClock "0:00:11"]
[Board "210"]

1. d4 d5 2. c4 e5 3. dxe5 d4 4. Nf3 Nc6 5. a3 a5 6. e3 Bc5 7. exd4 Bxd4 8. Nxd4 Qxd4 9. Nc3 Qxd1+ 10. Nxd1 Bf5 11. Ne3 Nd4 12. Be2 Nb3 13. Nxf5 Nxa1 14. Nxg7+ Kf8 15. Nf5 Nb3 16. Be3 Ne7 17. Bh6+ Ke8 18. Ng7+ Kd7 19. Bg4+ Kc6 20. Bf3+ Kb6 21. Be3+ c5 22. O-O Nd4 23. Bxd4 cxd4 24. Rd1 Rad8 25. b4 Nc6 26. c5+ Ka7 27. e6 Rhg8 28. Nf5 fxe6 29. Bxc6 bxc6 30. Ne7 Rge8 31. Nxc6+ Kb7 32. Nxd8+ Rxd8 33. Kf1 Kc6 34. Ke2 axb4 35. axb4 Kb5 36. Kf3 Kxb4 37. c6 e5 38. Ke4 Kc5 39. Kxe5 Kxc6 40. Rxd4 Re8+ 41. Kf4 Rf8+ 42. Ke3 Re8+ 43. Re4 Rg8 44. g3 Kd5 45. f4 Ra8 46. Re5+ Kd6 47. Kf3 Ra2 48. h3 Ra3+ 49. Kg4 Ra2 50. h4 Rg2 51. h5 Rh2 52. Rg5 Rh3 53. Rg7 1-0


[Site "https://www.chess.com"]

[Event "Titled Tuesday Blitz August 08 Early 2023"]
[White "Kuchava, Ana"]
[Black "EsmeraldasAnderson03"]
[WhiteFideId "13605348"]
[WhiteElo "2157"]
[BlackElo "2375"]
[Result "0-1"]
[Round "5"]
[TimeControl "180+1"]
[Date "2023.08.08"]
[WhiteClock "0:00:00"]
[BlackClock "0:01:12"]
[Board "211"]

1. d4 d5 2. Nf3 Nf6 3. c4 dxc4 4. e3 a6 5. a4 e6 6. Bxc4 c5 7. O-O Nc6 8. Nc3 cxd4 9. exd4 Nb4 10. Qe2 Be7 11. Bg5 O-O 12. Rad1 b6 13. Ne5 Bb7 14. Rfe1 Nfd5 15. Bc1 Bf6 16. Ne4 Rc8 17. Nxf6+ Nxf6 18. Nxf7 Rxf7 19. Bxe6 Rc7 20. Bg5 h6 21. Bh4 Nbd5 22. Bg3 Kh8 23. Bxf7 Rxf7 24. Qe6 Re7 25. Qd6 Rd7 26. Qe6 a5 27. h3 Re7 28. Qd6 Qxd6 29. Bxd6 Rd7 30. Be5 Kg8 31. Rc1 Kf7 32. Kf1 Nb4 33. Red1 Ba6+ 34. Kg1 Nd3 35. Rc7 Nxe5 36. Rxd7+ Nexd7 37. Rc1 Nd5 0-1


[Site "https://www.chess.com"]

[Event "Titled Tuesday Blitz August 08 Early 2023"]
[White "Butti, Enrique"]
[Black "Gueci, Tea"]
[WhiteFideId "3700470"]
[BlackFideId "872342"]
[WhiteElo "2157"]
[BlackElo "2372"]
[Result "0-1"]
[Round "5"]
[TimeControl "180+1"]
[Date "2023.08.08"]
[WhiteClock "0:00:23"]
[BlackClock "0:00:37"]
[Board "212"]

1. d4 g6 2. e4 Bg7 3. c3 d6 4. f4 c6 5. Nf3 Bg4 6. h3 Bxf3 7. Qxf3 e5 8. fxe5 dxe5 9. Bc4 Qe7 10. O-O f6 11. Be3 Nd7 12. Nd2 O-O-O 13. a4 Kb8 14. a5 h5 15. a6 b6 16. d5 c5 17. Bb5 Nh6 18. Nc4 Nf7 19. Bc6 Nd6 20. Nxd6 Qxd6 21. Qe2 Bh6 22. Bf2 Bf4 23. Qb5 Kc7 24. b4 Rb8 25. Bxd7 Qxd7 26. Qxd7+ Kxd7 27. bxc5 bxc5 28. Bxc5 Ra8 29. Rab1 Rhc8 30. Rb7+ Rc7 31. d6 Rxb7 32. axb7 Rb8 33. Rb1 Kc6 34. d7 Kxc5 35. d8=Q Rxd8 36. b8=Q Rxb8 37. Rxb8 a5 38. Rf8 a4 39. Rxf6 g5 40. Ra6 Kb5 41. Ra8 Bd2 42. c4+ Kb4 43. c5 Be3+ 44. Kf1 Bxc5 45. Ke2 Kb3 46. Kd3 a3 47. Rb8+ Bb4 48. Ra8 a2 49. g3 Kb2 50. Kc4 Ba3 0-1


[Site "https://www.chess.com"]